 Dungeon Crawl Stone Soup version 0.22-a0-803-gd6d8abe (webtiles) character file.

302 Supahsalami the Grave Robber (level 6, -2/41 HPs)
             Began as a Vampire Necromancer on July 23, 2018.
             Slain by an orc
             ... wielding a +0 short sword
              (6 damage)
             ... on level 4 of the Dungeon.
             The game lasted 00:22:38 (5564 turns).

Supahsalami the Grave Robber (Vampire Necromancer)  Turns: 5564, Time: 00:22:40

Health: -2/41      AC:  6    Str:  9    XL:     6   Next: 14%
Magic:  1/19       EV: 13    Int: 18    God:
Gold:   171        SH:  0    Dex: 14    Spells: 6/11 levels left

rFire    . . .     SeeInvis +   u - +2 dagger (protect)
rCold    + . .     Gourm    .   (no shield)
rNeg     + + .     Faith    .   m - +0 leather armour {rPois}
rPois    +         Spirit   .   h - +2 helmet
rElec    .         Reflect  .   (no cloak)
rCorr    .         Harm     .   (no gloves)
MR       .....                  (no boots)
Stlth    ++++......             (no amulet)
HPRegen  0.06/turn              e - ring of flight
MPRegen  0.16/turn              o - ring of magical power

@: regenerating slowly
A: fangs 3, see invisible, unbreathing
a: Bat Form, Evoke Flight


You were on level 4 of the Dungeon.
You were near bloodless.

You visited 1 branch of the dungeon, and saw 4 of its levels.

You collected 171 gold pieces.

Inventory:

Hand Weapons
 s - a +1 scimitar of holy wrath
 u - a +2 dagger of protection (weapon)
 v - a +1 short sword of electrocution
Missiles
 d - 102 stones (quivered)
 t - a throwing net
Armour
 h - a +2 helmet (worn)
 m - a +0 leather armour of poison resistance (worn)
Jewellery
 e - a ring of flight (left hand)
 o - a ring of magical power (right hand)
Wands
 f - a wand of random effects (27)
 k - a wand of paralysis (12)
Scrolls
 j - 2 scrolls of fog
 n - 3 scrolls of teleportation
 q - a scroll of amnesia
Potions
 a - a potion of mutation {unknown}
 b - a potion of invisibility
 c - 8 potions of blood
 g - a potion of magic
 i - a potion of cancellation
 l - a potion of might
 p - a potion of degeneration {unknown}
 r - a potion of lignification


   Skills:
 + Level 3.6 Dodging
 + Level 5.2 Stealth
 + Level 3.1 Spellcasting
 * Level 6.2 Necromancy


You had 6 spell levels left.
You knew the following spells:

 Your Spells              Type           Power        Failure   Level  Hunger
a - Pain                  Necr           ####         1%          1    None
b - Animate Skeleton      Necr           N/A          1%          1    None
c - Vampiric Draining     Necr           ####......   5%          3    ###....

Your spell library contained the following spells:

 Spells                   Type           Power        Failure   Level  Hunger
 Animate Dead             Necr           N/A          17%         4    ####...
 Regeneration             Chrm/Necr      ##........   19%         3    ###....


Dungeon Overview and Level Annotations

Branches:
Dungeon (4/15)
 Temple: D:4-7

Altars:
Cheibriados
Makhleb
Okawaru
Ru
Uskayaw
Vehumet
Wu Jian
Xom

Annotations:
D:4 Blork the orc


Innate Abilities, Weirdness & Mutations

You heal slowly.
You have razor-sharp teeth.
You have supernaturally acute eyesight. (SInv)
You can survive without breathing.


Message History

Aiming: Pain (safe; 1% risk of failure)
Press: ? - help, Shift-Dir - straight line, f - worm
Aim: a worm (moderately wounded, chance to defeat MR: 89%)
The worm writhes in agony!
Casting: Pain (safe; 1% risk of failure)
Confirm with . or Enter, or press ? or * to list all spells.
Aiming: Pain (safe; 1% risk of failure)
Press: ? - help, Shift-Dir - straight line, f/p - worm
Aim: a worm (heavily wounded, chance to defeat MR: 89%)
The worm writhes in agony!
Casting: Pain (safe; 1% risk of failure)
Confirm with . or Enter, or press ? or * to list all spells.
Aiming: Pain (safe; 1% risk of failure)
Press: ? - help, Shift-Dir - straight line, f/p - worm
Aim: a worm (moderately wounded, chance to defeat MR: 89%)
The worm writhes in agony!
The orc shouts!
The orc closely misses you. The orc hits you with a short sword.
You die...

....#.......#.....#######
##sS#.......#####'#.....#
##..####................#
.......#..(..w..........#
.......#................#
.......#................###
.......#...........#####..#
.......#.......o...#......#
.......'<)......@..'......#
########...........#......#
#.....####'##########
#.....#.....# #....o#.....#
#.....#.....# #...........#
#.).≈≈.≈≈...# #<†.≈#'#≈...#


You could see a worm and an orc.

Vanquished Creatures
  An ogre (D:4)
  An orc priest (D:4)
  Natasha (twice) (D:3)
  Robin (D:3)
  3 adders (D:2)
  A worm (D:2)
  2 dart slugs
  A leopard gecko (D:1)
  4 orcs (D:4)
  2 giant cockroaches
  17 goblins
  11 hobgoblins
  3 jackals (D:2)
  A ball python (D:1)
  7 bats
  7 frilled lizards
  3 kobolds (D:1)
  A quokka skeleton (D:4)
  6 rats
74 creatures vanquished.

Vanquished Creatures (collateral kills)
  Natasha (D:3)
1 creature vanquished.

Grand Total: 75 creatures vanquished

Notes
Turn   | Place    | Note
-------+----------+-------------------------------------------
     0 | D:1      | Supahsalami the Vampire Necromancer began the quest for the Orb.
     0 | D:1      | Reached XP level 1. HP: 13/13 MP: 3/3
     3 | D:1      | Learned a level 1 spell: Animate Skeleton
   341 | D:1      | Reached XP level 2. HP: 15/19 MP: 0/5
   898 | D:1      | Reached XP level 3. HP: 23/24 MP: 3/6
  1497 | D:2      | Reached skill level 5 in Necromancy
  2236 | D:2      | HP: 1/24 [adder (2)]
  2239 | D:2      | Reached XP level 4. HP: 1/30 MP: 0/7
  2442 | D:2      | Learned a level 3 spell: Vampiric Draining
  3121 | D:3      | Found a radiant altar of Vehumet.
  3122 | D:3      | Found an iron altar of Okawaru.
  3122 | D:3      | Found a snail-covered altar of Cheibriados.
  3125 | D:3      | Found a hide-covered altar of Uskayaw.
  3126 | D:3      | Found an ornate altar of the Wu Jian Council.
  3189 | D:3      | Noticed Robin
  3432 | D:3      | Noticed Natasha
  3443 | D:3      | Killed Natasha
  3628 | D:3      | Killed Robin
  4373 | D:3      | Noticed Natasha
  4380 | D:3      | Killed Natasha
  4380 | D:3      | Reached XP level 5. HP: 26/35 MP: 9/9
  4586 | D:3      | Noticed Natasha
  4592 | D:3      | Killed Natasha
  4645 | D:4      | Noticed an ogre
  4655 | D:4      | Found a sacrificial altar of Ru.
  4703 | D:4      | Found a burning altar of Makhleb.
  4703 | D:4      | Found a shimmering altar of Xom.
  4755 | D:4      | Noticed Blork the orc
  5492 | D:4      | Killed an ogre
  5492 | D:4      | Reached skill level 5 in Stealth
  5492 | D:4      | Reached skill level 6 in Necromancy
  5492 | D:4      | Reached XP level 6. HP: 31/41 MP: 0/10
  5564 | D:4      | Slain by an orc

Vault maps used:
D:1:      minmay_arrival_arboretum_large
D:3:      grunt_temple_overflow_open, glass_columns_a, mrwooster_statue_mirror,
          hangedman_abyss_or_decor_lesser_grid, uniq_robin, uniq_natasha
D:4:      grunt_temple_overflow_champion_of_chaos, kennysheep_mini_moat,
          cheibrodos_sewer_entry_bend, uniq_blork_the_orc

Skill      XL: |  1  2  3  4  5 |
---------------+----------------+-----
Necromancy     | 5 6 |  6.2
Stealth        | 4 5 |  5.2
Dodging        | 3 |  3.6
Spellcasting   | 3 |  3.1

Action                   |  1- 3 |  4- 6 || total
-------------------------+-------+-------++-------
Melee: Unarmed           |     8 |     8 ||    16
       Mace              |     3 |       ||     3
       Dagger            |    25 |    50 ||    75
       Bite              |     1 |     4 ||     5
Throw: Stone             |       |     1 ||     1
 Cast: Pain              |    57 |    40 ||    97
       Animate Skeleton  |     4 |     2 ||     6
       Vampiric Draining |       |    17 ||    17
 Abil: Evoke Flight      |       |     1 ||     1
       End Transformatio |       |     1 ||     1
       Bat Form          |       |     1 ||     1
  Use: Potion            |     2 |     7 ||     9
       Scroll            |       |    12 ||    12
 Stab: Sleeping          |     2 |     3 ||     5
       Distracted        |       |     2 ||     2
Armor: Robe              |     2 |       ||     2
       Leather armour    |    17 |    30 ||    47
       Scale mail        |       |     1 ||     1
Dodge: Dodged            |    47 |    54 ||   101

Table legend:
 A = Spawn XP
 B = Non-spawn XP
 C = Spawn XP percentage of total XP
 D = Spawn monster count
 E = Non-spawn monster count
 F = Spawn count percentage of total count
 G = Total turns spent on level
                    A         B        C        D         E        F      G
               +---------+---------+-------+---------+---------+-------+---------
         Total |       0 |     432 |   0.0 |       0 |      75 |   0.0 |  5564
               +---------+---------+-------+---------+---------+-------+---------
           D:1 |       0 |      49 |   0.0 |       0 |      29 |   0.0 |  1246
           D:2 |       0 |      67 |   0.0 |       0 |      16 |   0.0 |  2295
           D:3 |       0 |     147 |   0.0 |       0 |      21 |   0.0 |  1607
           D:4 |       0 |     169 |   0.0 |       0 |       9 |   0.0 |   416
               +---------+---------+-------+---------+---------+-------+---------
